 Dungeon Crawl Stone Soup version 0.26-a0-466-g989023bd0d (webtiles) character file.

Game seed: 3462285322482238284

2745 1player the Slinger (level 10, -1/76 HPs)
             Began as a Formicid Abyssal Knight on Aug 7, 2020.
             Was a Priest of Lugonu.
             Slain by a wolf (5 damage)
             ... led by Grum
             ... on level 7 of the Dungeon.
             The game lasted 00:31:20 (10872 turns).

1player the Slinger (Formicid Abyssal Knight)      Turns: 10872, Time: 00:31:20

Health: -1/76      AC:  6    Str: 20    XL:     10   Next: 0%
Magic:  10/16      EV:  2    Int: 12    God:    Lugonu [***...]
Gold:   416        SH:  0    Dex: -1 (10) Spells: 9/9 levels left

rFire    . . .     SeeInvis +   a - +1 whip (flame)
rCold    . . .     Faith    .   M - +0 buckler
rNeg     . . .     Spirit   .   n - +1 ring mail
rPois    .         Reflect  .   (helmet unavailable)
rElec    .         Harm     .   l - scarf {+Inv}
rCorr    .                      (no gloves)
MR       +....                  (no boots)
Stlth    ..........             (no amulet)
HPRegen  0.22/turn              (no ring)
MPRegen  0.15/turn              (no ring)

@: slowed, lost dexterity, very slow
A: permanent stasis, dig shafts and tunnels, four strong arms, antennae 3
a: Dig, Shaft Self, Depart the Abyss, Bend Space, Banish, Renounce Religion,
Evoke Invisibility


You were on level 7 of the Dungeon.
You worshipped Lugonu.
Lugonu was most pleased with you.
You visited 1 branch of the dungeon, and saw 8 of its levels.
You visited the Abyss 1 time.

You collected 416 gold pieces.

Inventory:

Hand Weapons
 a - a +1 whip of flaming (weapon)
 b - a +3 hunting sling of flaming
 B - a +1 mace of protection
 H - a +1 mace
Missiles
 e - 44 poisoned darts (quivered)
 q - a sling bullet
Armour
 l - a scarf of invisibility (worn)
 n - a +1 ring mail (worn)
 M - a +0 buckler (worn)
Jewellery
 h - a +6 ring of intelligence {unknown}
 j - an uncursed ring of stealth {unknown}
 k - an uncursed ring of flight {unknown}
 y - a cursed -4 ring of evasion {unknown}
 C - an uncursed ring of protection from fire {unknown}
 E - a cursed amulet of inaccuracy {unknown}
Scrolls
 i - 3 scrolls of enchant armour
 F - a scroll of noise {unknown}
 I - a scroll of torment {unknown}
 J - a scroll of magic mapping {unknown}
Potions
 f - a potion of brilliance {unknown}
 g - 5 potions of curing {@q1}
 m - a potion of heal wounds {@q2}
 p - 3 potions of resistance
 s - a potion of cancellation {unknown}
 v - a potion of ambrosia
 w - 2 potions of berserk rage {unknown}
 x - 2 potions of degeneration {unknown}
 z - a potion of flight {unknown}
 G - a potion of lignification {unknown}
 L - a potion of mutation {unknown}


   Skills:
 - Level 6.1 Fighting
 - Level 4.3 Maces & Flails
 - Level 8.0 Slings
 + Level 4.0 Armour
 - Level 4.0 Dodging
 - Level 2.4 Shields
 - Level 8.0 Invocations


You had 9 spell levels left.
You didn't know any spells.
Your spell library contained the following spells:

 Spells                   Type           Power        Failure   Level
 Animate Skeleton         Necr           #.....       47%         1
 Apportation              Tloc           #.....       47%         1
 Corona                   Hex            #......      47%         1
 Pain                     Necr           #...         47%         1
 Summon Small Mammal      Summ           #...         47%         1
 Vampiric Draining        Necr           #.........   85%         3
 Animate Dead             Necr           #.........   99%         4
 Agony                    Necr           #.......     100%        5


Dungeon Overview and Level Annotations

Branches:
Dungeon (8/15)             Temple (0/1) D:4
   Lair: D:8-11

Altars:
Ashenzari
Cheibriados
Gozag
Hepliaklqana
Kikubaaqudgha
Sif Muna
Vehumet
Yredelemnul
Zin

Annotations:
D:8 Grum


Innate Abilities, Weirdness & Mutations

You cannot be hasted, slowed, berserked, paralysed or teleported.
You can dig through walls and to a lower floor.
Your four strong arms can wield two-handed weapons with a shield.
You have a pair of large antennae on your head. (SInv)


Message History

* * * LOW HITPOINT WARNING * * *
The wolf bites you.
* * * LOW HITPOINT WARNING * * *
Okay, then.
Space bends around you!
You blink.
An orc warrior comes into view. It is wielding a +0 hand axe.
The orc warrior shouts!
You hear a shout!
An orc comes into view.
Space bends around you!
You blink.
The wolf bites you but does no damage. x2
Space bends around you!
You blink.
The wolf bites you but does no damage.
There is a stone staircase leading up here.
The wolf bites you.
* * * LOW HITPOINT WARNING * * *
The wolf bites you but does no damage. The wolf completely misses you.
You climb upwards.
There is a stone staircase leading down here.
Space bends around you!
You blink.
The wolf bites you but does no damage. The wolf bites you.
You die...

((.>.....................###.....
........................###......
(..............#........##.......
#..##......#..###................
..##...#.......#.................
..#...####.......#.......#.......
###....†.................#.......
..#............>...........######
.........##..###@..........##..#.
..##....##....#.h....#....##...'.
.....#..#.......§..###...##....#.
....##............#####..#.....##
.######....###......###..#.⌠.⌠.#.
.# #.....#...#...##......⌠..'. ##
#.....#...#..###..(#.⌠.⌠.#.
##...###.##### ##.)#.....## #...#
#.# #####...)#.


You could see a wolf.

Vanquished Creatures
  Pikel (D:6)
  2 wolves (D:7)
  A phantom (D:6)
  6 ogres
  3 centaurs
  A lemure (D:6)
  A bullfrog (D:6)
  3 howler monkeys
  2 quasits
  3 hounds
  8 orc wizards
  An orc priest (D:5)
  4 iguanas
  6 worker ants
  A worker ant zombie (D:5)
  A howler monkey skeleton (D:4)
  12 adders
  A shadow imp (D:7)
  3 white imps
  2 ufetubi
  An ooze (D:5)
  An adder zombie (D:6)
  2 worms (D:2)
  2 dart slugs
  6 leopard geckos
  14 orcs
  A giant cockroach (D:2)
  4 goblins
  7 hobgoblins
  11 jackals
  10 kobolds
  3 quokkas
  3 ball pythons
  A ball python skeleton (D:6)
  8 bats
  7 frilled lizards
  A giant cockroach zombie (D:5)
  A leopard gecko skeleton (D:4)
  5 rats
150 creatures vanquished.

Vanquished Creatures (others)
  An orc warrior (D:6)
  A quasit (D:8)
2 creatures vanquished.

Grand Total: 152 creatures vanquished

Notes
Turn   | Place    | Note
-------+----------+-------------------------------------------
     0 | Abyss:1  | 1player the Formicid Abyssal Knight began the quest for the
                  | Orb.
     0 | Abyss:1  | Reached XP level 1. HP: 18/18 MP: 2/2
    32 | Abyss:1  | Noticed a wraith
   195 | Abyss:2  | Noticed a wight
   196 | Abyss:2  | Noticed a wight
   227 | Abyss:2  | Noticed a ynoxinul
   228 | D:1      | Escaped the Abyss
   297 | D:1      | Reached * piety under Lugonu
   353 | D:1      | Found a snail-covered altar of Cheibriados.
   454 | D:1      | Reached XP level 2. HP: 15/24 MP: 3/3
  1079 | D:1      | Reached XP level 3. HP: 28/29 MP: 4/4
  1506 | D:2      | Found a basalt altar of Yredelemnul.
  2117 | D:2      | Reached skill level 1 in Slings
  2157 | D:2      | Reached XP level 4. HP: 34/35 MP: 5/5
  2183 | D:2      | Found a hazy altar of Hepliaklqana.
  3189 | D:3      | Reached XP level 5. HP: 41/41 MP: 6/6
  3639 | D:3      | Reached ** piety under Lugonu
  4199 | D:4      | Noticed an ogre
  4254 | D:4      | Found a staircase to the Ecumenical Temple.
  4276 | D:4      | Noticed an ogre
  4396 | D:4      | Reached XP level 6. HP: 47/47 MP: 7/7
  4474 | D:4      | Noticed an ogre
  4478 | D:4      | Killed an ogre
  4478 | D:4      | Reached skill level 5 in Slings
  4707 | D:4      | Killed an ogre
  4707 | D:4      | Reached XP level 7. HP: 52/52 MP: 8/8
  4739 | D:4      | Found an opulent altar of Gozag.
  5111 | D:5      | Entered Level 5 of the Dungeon
  5166 | D:5      | Found a glowing silver altar of Zin.
  5477 | D:5      | Reached XP level 8. HP: 49/60 MP: 9/9
  5985 | D:5      | Reached skill level 5 in Fighting
  6091 | D:5      | Reached *** piety under Lugonu
  6745 | D:6      | Found a shattered altar of Ashenzari.
  6883 | D:6      | Reached skill level 5 in Invocations
  7146 | D:6      | Noticed Pikel
  7154 | D:6      | Killed Pikel
  7154 | D:6      | Reached XP level 9. HP: 69/69 MP: 12/15
  7219 | D:6      | Reached skill level 1 in Dodging
  8760 | D:7      | Got a faintly glowing garnet amulet
 10068 | D:7      | Reached skill level 1 in Shields
 10430 | D:7      | Found an ancient bone altar of Kikubaaqudgha.
 10430 | D:7      | Found a radiant altar of Vehumet.
 10433 | D:7      | Found a shimmering blue altar of Sif Muna.
 10445 | D:7      | Identified Sif Muna's Disquisition on Slavery
 10532 | D:8      | Noticed Grum
 10837 | D:8      | Identified the amulet of Knowledge {Inacc Fragile rElec
                  | Int+2} (You found it on level 7 of the Dungeon)
 10856 | D:8      | Lost dexterity.
 10861 | D:8      | Reached XP level 10. HP: 57/76 MP: 16/16
 10872 | D:7      | Slain by a wolf

Illustrated notes

Levels and vault maps discovered:
D:1:      dpeg_arrival_stonehenge_8_columns, layout_basic, cheibriados_altar_1
D:2:      layout_basic, old_standard_altar, yredelemnul_altar_generic
D:3:      layout_basic
D:4:      layout_basic, minmay_temple_entry_junction, grunt_gozag_breadcrumbs
D:5:      layout_basic, lemuel_doored_altar
D:6:      layout_rooms, ashenzari_altar_1, uniq_pikel
D:7:      layout_cave_pools, palyth_temple_overflow_mages
D:8:      kennysheep_steamy, layout_rooms, nicolae_ru_sacrificial_ziggurat,
          minmay_overflow_temple_star_quad, lair_entry_dummy,
          makhleb_heckhound_becter, uniq_grum, uniq_harold, uniq_prince_ribbit1

Skill      XL: |  1  2  3  4  5  6  7  8  9 |
---------------+----------------------------+-----
Maces & Flails | 3 4 |  4.3
Slings         | 1 3 4 6 8 |  8.0
Fighting       | 4 6 |  6.1
Invocations    | 8 |  8.0
Dodging        | 4 |  4.0
Shields        | 2 |  2.4
Armour         | 4 |  4.0

Action                   |  1- 3 |  4- 6 |  7- 9 | 10-12 || total
-------------------------+-------+-------+-------+-------++-------
Melee: Mace              |    95 |    81 |    42 |       ||   218
       Whip              |       |       |   192 |     2 ||   194
 Fire: Hunting sling     |       |    79 |   139 |       ||   218
Throw: Dart              |    10 |     2 |    30 |       ||    42
Invok: Depart the Abyss  |     1 |       |       |       ||     1
       Bend Space        |       |       |     2 |     4 ||     6
       Banish            |       |       |     1 |     1 ||     2
 Abil: Dig               |     7 |     1 |    13 |       ||    21
       Evoke Invisibilit |       |     1 |       |       ||     1
  Use: Scroll            |     2 |     3 |    10 |       ||    15
       Potion            |       |       |     3 |       ||     3
 Stab: Invisible         |       |     1 |       |       ||     1
Armor: Leather armour    |    35 |     4 |       |       ||    39
       Ring mail         |       |    31 |   168 |     6 ||   205
Dodge: Dodged            |    65 |    59 |   231 |     1 ||   356
Block: Buckler           |       |       |    16 |       ||    16

Table legend: (Time is in decaauts)
 A = Elapsed time spent in this place.
 B = Non-inter-level travel time spent in this place.
 C = Inter-level travel time spent in this place.
 D = Time resting spent in this place.
 E = Time spent auto-exploring this place.
 F = Levels seen in this place.
 G = Mean time per level.
                   A        B        C        D        E       F      G
               +--------+--------+--------+--------+--------+-----+--------+
         Total |  10865 |  10404 |    461 |   4352 |   3234 |  10 | 1086.5 |
       Dungeon |  10637 |  10176 |    461 |   4352 |   3113 |   8 | 1329.6 |
         Abyss |    227 |    227 |      0 |      0 |    121 |   2 |  113.5 |
               +--------+--------+--------+--------+--------+-----+--------+

Top non-repeatable levels by time:
     D:6: 2422 daAuts
     D:7: 1706 daAuts
     D:3: 1464 daAuts
     D:1: 1452 daAuts
     D:5: 1244 daAuts
     D:2: 1164 daAuts
     D:4: 1140 daAuts
 Abyss:1: 179 daAuts
 Abyss:2: 48 daAuts
     D:8: 42 daAuts
